 Dungeon Crawl Stone Soup version 0.32-a0-35-gd9ff480968 (console) character file.

Game seed: 6891231833213361623

1103 petzl the Magician (level 8, -10/50 (60) HPs)
             Began as a Formicid Delver on Jan 22, 2024.
             Was a Believer of Vehumet.
             Mangled by a two-headed ogre
             ... wielding a +0 dire flail
              (18 damage)
             ... on level 8 of the Dungeon on Jan 24, 2024.
             The game lasted 00:29:43 (7129 turns).

petzl the Magician (Formicid Delver)                Turns: 7129, Time: 00:29:45

HP:   -10/50 (60)   AC:  3    Str: 17    XL:     8   Next: 58%
MP:   19/19         EV: 12    Int: 12    God:    Vehumet [**....]
Gold: 296           SH:  5    Dex: 21    Spells: 21/22 levels left

rFire   . . .        a - +2 trident (freeze)
rCold   . . .        F - +0 buckler
rNeg    . . .        b - +0 leather armour
rPois   .            (helmet unavailable)
rElec   .            (no cloak)
rCorr   .            (no gloves)
SInv    +            (no boots)
Will    .....        (no amulet)
Stlth   +++          s - +6 ring of dexterity
HPRegen 0.28/turn    (no ring)
MPRegen 0.16/turn

%: no passive effects
@: heavily drained
A: permanent stasis, dig shafts and tunnels, antennae 3, four strong arms
a: Dig, Shaft Self, Renounce Religion


You were on level 8 of the Dungeon.
You worshipped Vehumet.
Vehumet was pleased with you.
You visited 2 branches of the dungeon, and saw 9 of its levels.
You also visited: Ossuary.

You collected 296 gold pieces.

Inventory:

Hand Weapons
 a - a +2 trident of freezing (weapon)
 E - the +2 mace of the Aged Underlurkers {freeze, Dex+2}
   (You took it off an orc on level 3 of the Dungeon)

   Dex+2:     It affects your dexterity (+2).
Missiles
 d - 8 javelins
 z - 6 boomerangs
 B - 9 poisoned darts
Armour
 b - a +0 leather armour (worn)
 e - a +0 robe of willpower
 F - a +0 buckler (worn)
Magical Staves
 A - a staff of air
Jewellery
 s - a +6 ring of dexterity (left hand)
Wands
 f - a wand of digging (3)
 x - a wand of charming (8)
 H - a wand of light (12)
Scrolls
 c - 2 scrolls of fog
 h - a scroll of amnesia
 i - a scroll of torment
 j - 2 scrolls of enchant armour
 l - a scroll of enchant weapon
 n - a scroll of identify
 o - 2 scrolls of revelation
 p - 2 scrolls of brand weapon
 r - 2 scrolls of immolation
 u - a scroll of fear
 y - a scroll of poison
 C - 3 scrolls of summoning
Potions
 g - a potion of curing
 k - 2 potions of lignification
 m - 2 potions of degeneration {unknown}
 q - 2 potions of heal wounds
 t - a potion of enlightenment {unknown}
 v - a potion of might {unknown}
 w - a potion of invisibility {unknown}
 D - a potion of mutation {unknown}


   Skills:
 + Level 3.9 Fighting
 - Level 2.0 Maces & Flails
 - Level 1.7 Dodging
 - Level 6.0 Stealth
 + Level 2.2 Shields
 + Level 7.9 Spellcasting
 * Level 2.2 Conjurations
 + Level 1.2 Air Magic
 * Level 3.3 Alchemy


You had 21 spell levels left.
You knew the following spells:

 Your Spells              Type           Power      Damage    Failure   Level
a - Sting                 Conj/Alch      44%        1d5       8%          1

Your spell library contained the following spells:

 Spells                   Type           Power      Damage    Failure   Level
 Searing Ray              Conj           20%        2d5       14%         2
 Slow                     Hex            16%        N/A       24%         1
 Scorch                   Fire           8%         2d5       34%         2
 Confusing Touch          Hex            4%         N/A       56%         3
 Sigil of Binding         Hex            4%         N/A       56%         3
 Vampiric Draining        Necr           4%         2d6       56%         3
 Flame Wave               Conj/Fire      7%         2d5       82%         4
 Summon Cactus Giant      Summ           2%         N/A       100%        6


Dungeon Overview and Level Annotations

Branches:
Dungeon (8/15)             Temple (1/1) D:4         Ossuary (visited)
   Lair: D:8-11

Altars:
Ashenzari
Cheibriados
Dithmenos
Fedhas
Gozag
Hepliaklqana
Kikubaaqudgha
Makhleb
Nemelex Xobeh
Okawaru
Qazlal
Ru
Sif Muna
Trog
Uskayaw
Vehumet
Wu Jian
Xom
Yredelemnul
Zin
The Shining One

Portals:
Bailey: D:8

Annotations:
D:5 exclusions: downstairs and upstairs
D:6 exclusion: sensed monster (detected)
D:7 Dowan, Duvessa
D:8 exclusion: upstairs


Innate Abilities, Weirdness & Mutations

You cannot be hasted, slowed, berserked, paralysed or teleported.
You can dig through walls and to a lower floor.
You have a pair of large antennae on your head. (SInv)
Your four strong arms can wield two-handed weapons with a shield.


Message History

The goblin throws a boomerang.
The boomerang misses you.
An orc wizard comes into view. It is wielding a +0 dagger.
An orc comes into view. It is wielding a +0 flail.
The orc shouts!
You hear a shout!
An orc comes into view.
It is wielding a +0 war axe and wearing a +0 chain mail of fire resistance.
You extend your mandibles.
You dig through the rock wall.
You feel drained.
You hear a shout!
An orc wizard comes into view. It is wielding a +0 dagger of venom.
You hear a shout!
You dig through the rock wall.
You feel drained.
You dig through the rock wall.
You feel drained.
You retract your mandibles.
You closely miss the orc. The orc hits you with a +0 hand axe. x2
You closely miss the orc. The orc hits you with a +0 hand axe.
You hit the orc. You freeze the orc.
The orc is moderately wounded.
You hear a shout!
You block the orc's attack.
You closely miss the orc.
The orc is moderately wounded.
The orc hits you but does no damage. The orc barely misses you.
You closely miss the orc.
The orc is moderately wounded.
You closely miss the orc.
The orc is moderately wounded.
The orc closely misses you.
You hit the orc. You freeze the orc.
The orc is almost dead.
The orc hits you with a +0 hand axe.
You hit the two-headed ogre but do no damage.
The two-headed ogre closely misses you.
The two-headed ogre hits you with a +0 giant spiked club!
You hit the two-headed ogre. You freeze the two-headed ogre.
The two-headed ogre is lightly wounded.
You hear the creaking of a portcullis very nearby.
The two-headed ogre hits you with a +0 dire flail!!
* * * LOW HITPOINT WARNING * * *
The two-headed ogre hits you with a +0 giant spiked club!!
You die...

### #@## ######### ##O#
#.......#******
#####{####.≈≈~≈≈..,,,,,*
#.{{{{{{{{.≈...≈.#,,,,,**
#.#######{.g.∩>~?.,,,,,,,
*,.........≈...≈.#,,,,,**
*,.#######{≈≈~≈≈..,,,,,*
****#{,* #{{o....#,,,*,*
*,,,..,* #####g{......,,,*,*
#,**#.#* #.........#.#,,>*,**
#.* #>####.###.#.#.#,#,,,*,*,
#.###.##..Z#*........*,*,,,,,
#P..P.##.#O##........$,*,,,**
#P..P................#****,*
#......#..#..#..#..#..,*,,,*
#.......#..#..#..#....,*,,***
###......#..#..#..#..,,,,,,,,
##.#.#..#..#..#.,*,*,,,*,**
#.#..#..#..#..#{,,,,,***,*


You could see a two-headed ogre.

Vanquished Creatures
  2 sky beasts
  An ogre (D:5)
  An elf zombie (Ossuary)
  2 scorpions
  2 hounds
  5 human zombies (Ossuary)
  3 jellies
  2 iguanas
  A sleepcap (D:5)
  2 orc wizards
  A crocodile zombie (Ossuary)
  2 mummies (Ossuary)
  3 gnolls
  6 adders
  A white imp (D:5)
  4 ufetubi (D:6)
  2 dart slugs
  13 orcs
  13 ball pythons
  4 bats
  6 endoplasms
  4 giant cockroaches
  5 hobgoblins
  2 quokkas
  3 frilled lizards
  6 goblins
  7 kobolds
  5 rats
108 creatures vanquished.

Notes
Turn   | Place    | Note
-------+----------+-------------------------------------------
     0 | D:5      | petzl the Formicid Delver began the quest for the Orb.
     0 | D:5      | Reached XP level 1. HP: 18/18 MP: 1/1
    11 | D:6      | Noticed a sky beast
    51 | D:6      | Reached skill level 1 in Spellcasting
    51 | D:6      | Reached XP level 2. HP: 24/24 MP: 1/4
    84 | D:5      | Reached skill level 2 in Spellcasting
   240 | D:5      | Reached XP level 3. HP: 29/29 MP: 7/7
   396 | D:5      | Reached skill level 3 in Spellcasting
   396 | D:5      | Reached XP level 4. HP: 22/34 MP: 7/9
   626 | D:5      | Reached skill level 4 in Spellcasting
   633 | D:5      | Noticed an ogre
   679 | D:5      | Noticed a scorpion
   705 | D:5      | Reached XP level 5. HP: 6/41 MP: 11/11
  1019 | D:4      | Found a staircase to the Ecumenical Temple.
  1023 | Temple   | Entered the Ecumenical Temple
  1043 | Temple   | Became a worshipper of Vehumet
  1139 | D:4      | Reached skill level 5 in Spellcasting
  1175 | D:4      | Found a sand-covered staircase.
  1262 | D:4      | Reached XP level 6. HP: 30/47 MP: 14/14
  1300 | Ossuary  | Entered an ossuary
  1356 | Ossuary  | Reached skill level 6 in Spellcasting
  1839 | Ossuary  | Reached XP level 7. HP: 40/52 MP: 16/16
  2368 | Ossuary  | Reached skill level 7 in Spellcasting
  2702 | D:3      | Reached * piety under Vehumet
  2702 | D:3      | Offered knowledge of Magic Dart by Vehumet.
  2985 | D:2      | Found a faded altar of an unknown god.
  4771 | D:3      | Identified the +2 mace of the Aged Underlurkers {freeze,
                  | Dex+2}
  4801 | D:3      | Reached ** piety under Vehumet
  4801 | D:3      | Offered knowledge of Sting by Vehumet.
  4810 | D:3      | Learned a level 1 spell: Sting
  5419 | D:4      | Found an ancient bone altar of Kikubaaqudgha.
  5485 | D:4      | Reached skill level 1 in Alchemy
  6007 | D:5      | Reached skill level 1 in Shields
  6007 | D:5      | Reached skill level 1 in Conjurations
  6007 | D:5      | Reached XP level 8. HP: 49/58 MP: 15/19
  6625 | D:6      | Reached skill level 1 in Air Magic
  6688 | D:6      | Offered knowledge of Searing Ray by Vehumet.
  6919 | D:7      | Noticed Duvessa
  6932 | D:7      | Noticed Dowan
  6933 | D:7      | You fall into a shaft and drop 1 floor!
  7003 | D:7      | Noticed a wyvern
  7024 | D:8      | Noticed a two-headed ogre
  7108 | D:8      | Found a flagged portal.
  7129 | D:8      | Mangled by a two-headed ogre

Illustrated notes

Levels and vault maps discovered:
D:1:      heliophobic_arrival_glass_houses, layout_basic
D:2:      layout_basic, hellmonk_ecumenical_altar_lost_god
D:3:      layout_basic, patterned_corridor
D:4:      layout_loops_corners, old_standard_altar,
          minmay_temple_entry_from_below_a, enter_ossuary_5, minmay_between
D:5:      layout_loops_ring
D:6:      layout_loops_ring
D:7:      layout_loops_ring, uniq_duvessa
D:8:      layout_loops_ring, enter_bailey_5, serial_undead, serial_undead_d,
          serial_undead_a, serial_undead_c, serial_undead_b,
          minmay_misc_feat_diagonals
Temple:   nicolae_temple_bog_church

Skill      XL: |  1  2  3  4  5  6  7  8 |
---------------+-------------------------+-----
Spellcasting   | 1 2 3 4 5 6 7 |  7.9
Alchemy        | 1 3 |  3.3
Shields        | 1 2 |  2.2
Conjurations   | 1 2 |  2.2
Air Magic      | 1 |  1.2
Fighting       | |  3.9
Maces & Flails | |  2.0
Dodging        | |  1.7
Stealth        | |  6.0

Action                     |  1- 3 |  4- 6 |  7- 9 || total
---------------------------+-------+-------+-------++-------
  Melee: Mace              |    24 |    54 |       ||    78
         Trident           |       |    69 |   274 ||   343
         Punch             |       |     2 |     3 ||     5
   Cast: Sting             |       |       |    13 ||    13
Ability: Dig               |       |       |     2 ||     2
         Shaft Self        |       |       |     1 ||     1
    Use: Scroll            |     1 |     5 |    10 ||    16
         Potion            |       |     2 |     1 ||     3
   Stab: Sleeping          |     1 |     6 |    32 ||    39
         Distracted        |       |     1 |       ||     1
 Armour: Leather armour    |    13 |    73 |   190 ||   276
  Dodge: Dodged            |    26 |    70 |   182 ||   278
  Block: Buckler           |       |       |    44 ||    44

Table legend: (Time is in decaauts)
 A = Elapsed time spent in this place.
 B = Non-inter-level travel time spent in this place.
 C = Inter-level travel time spent in this place.
 D = Time resting spent in this place.
 E = Time spent auto-exploring this place.
 F = Levels seen in this place.
 G = Mean time per level.
                   A        B        C        D        E       F      G
               +--------+--------+--------+--------+--------+-----+--------+
         Total |   7261 |   6812 |    449 |   1761 |   2959 |  10 |  726.1 |
       Dungeon |   5987 |   5577 |    410 |    925 |   2945 |   8 |  748.4 |
        Temple |     40 |      1 |     39 |      0 |      0 |   1 |   40.0 |
       Ossuary |   1233 |   1233 |      0 |    836 |     14 |   1 | 1233.0 |
               +--------+--------+--------+--------+--------+-----+--------+

Top non-repeatable levels by time:
     D:5: 1327 daAuts
 Ossuary: 1233 daAuts
     D:4: 977 daAuts
     D:2: 952 daAuts
     D:3: 908 daAuts
     D:6: 838 daAuts
     D:1: 767 daAuts
     D:8: 198 daAuts
  Temple: 40 daAuts
     D:7: 17 daAuts
